 Dungeon Crawl Stone Soup version 0.31.0-9-g3a7656b989 (webtiles) character file.

Game seed: 11877866086391366059

1376 qw the Skirmisher (level 8, -6/46 HPs)
             Began as a Deep Elf Hunter on Feb 2, 2024.
             Was an Initiate of Okawaru.
             Killed from afar by an electric eel (12 damage)
             ... with a bolt of electricity
             ... on level 6 of the Dungeon.
             The game lasted 00:00:17 (3899 turns).

qw the Skirmisher (Deep Elf Hunter)                 Turns: 3899, Time: 00:00:18

Health: -6/46      AC: 11    Str: 10    XL:     8   Next: 39%
Magic:  10/10      EV: 14    Int: 15    God:    Okawaru [......]
Gold:   232        SH:  5    Dex: 24    Spells: 7/7 levels left

rFire   + . .        a - +0 shortbow (flame)
rCold   + + .        (shield currently unavailable)
rNeg    . . .        l - +2 ring mail {rC+}
rPois   +            (no helmet)
rElec   .            d - scarf {rC+ rF+}
rCorr   .            g - +2 pair of gloves
SInv    .            c - +0 pair of boots
Will    .....        k - amulet of reflection
Stlth   ++           j - +6 ring of dexterity
HPRegen 0.27/turn    e - ring of poison resistance
MPRegen 0.12/turn

%: reflection
@: no status effects
A: no striking features
a: Renounce Religion


You were on level 6 of the Dungeon.
You worshipped Okawaru.
Okawaru was noncommittal.
You visited 1 branch of the dungeon, and saw 6 of its levels.

You collected 232 gold pieces.


   Skills:
 - Level 3.5 Fighting
 + Level 12.0 Ranged Weapons
 - Level 1.3 Armour
 - Level 5.4 Dodging
 - Level 1.2 Stealth


You had 7 spell levels left.
You didn't know any spells.
Your spell library was empty.

Inventory:

Hand Weapons
 a - a +0 shortbow of flaming (weapon)
Armour
 c - a +0 pair of boots (worn)
 d - a scarf of resistance (worn)
 g - a +2 pair of gloves (worn)
 i - a +1 cloak
 l - a +2 ring mail of cold resistance (worn)
Jewellery
 e - a ring of poison resistance (right hand)
 j - a +6 ring of dexterity (left hand)
 k - an amulet of reflection (around neck)
 Y - a +4 ring of protection
Wands
 b - a wand of digging (2)
Scrolls
 f - 4 scrolls of teleportation
Potions
 n - a potion of mutation
 p - a potion of resistance
 q - a potion of enlightenment {unknown}
 r - a potion of brilliance {unknown}

Dungeon Overview and Level Annotations

Branches:
Dungeon (6/15)
 Temple: D:4-7

Altars:
Ashenzari
Cheibriados
Makhleb
Okawaru
Ru
Vehumet
The Shining One

Annotations:
D:6 exclusion: 2 electric eels


Message History

The bullfrog releases a deep croak.
You shoot an arrow. The arrow hits the bullfrog!
The arrow burns the bullfrog.
The bullfrog is severely wounded.
You shoot an arrow. The arrow closely misses the bullfrog.
You shoot an arrow. The arrow hits the bullfrog!
The arrow burns the bullfrog.
You kill the bullfrog!
Okawaru accepts your kill.
Your Dodging skill increases to level 5!
There is a burning altar of Makhleb here.
Things that are here:
a +0 whip; a +0 robe An electric eel comes into view.
You shoot an arrow.
The arrow barely misses the electric eel.
The electric eel shoots out a bolt of lightning at you!
The bolt of electricity hits you!
3887 ||| FLEEEEING.
You start resting.
An electric eel comes into view.
You shoot an arrow. The arrow hits the electric eel!
The arrow burns the electric eel.
The electric eel is heavily wounded.
The electric eel shoots out a bolt of lightning at you!
The bolt of electricity hits you! The bolt of electricity misses you.
You shoot an arrow.
The arrow closely misses the electric eel.
You shoot an arrow. The arrow hits the electric eel.
The arrow burns the electric eel.
The electric eel is almost dead.
The electric eel shoots out a bolt of lightning at you!
The bolt of electricity hits you! The bolt of electricity hits you.
You start resting.
An electric eel is nearby!
You enter the shallow water.
Moving in this stuff is going to be slow.
The electric eel shoots out a bolt of lightning at you!
The bolt of electricity hits you!
The electric eel shoots out a bolt of lightning at you!
The bolt of electricity hits you!
You die...

#. .# .. . .####. ..... ##
...#######.#.#. #~~
#...............#.# ~ ~~~
#.......##........# #
~~#~#~##@........ .......
#~~~~~~~S~......###.#..##.#
~#~~~~~S#......###.#..##.#
~~~~#~##.####.......%##.# #
~~#~~~S..# ###....<..# #..
##~~###..## #.......#
#....#~##.....##########.####
#......................#.#
##.##.##.#######.#####.#%#


You could see 2 electric eels.

Vanquished Creatures
  Grinder (D:3)
  2 water moccasins (D:5)
  An ice beast (D:5)
  A bullfrog (D:6)
  3 scorpions
  A howler monkey (D:5)
  2 orc priests (D:4)
  3 iguanas
  4 hounds
  A sleepcap (D:5)
  A gnoll bouda (D:4)
  2 orc wizards (D:4)
  5 gnolls (D:4)
  10 adders
  A white imp (D:5)
  2 dart slugs (D:5)
  A ribbon worm (D:2)
  11 orcs (D:4)
  2 bats
  8 endoplasms
  7 giant cockroaches
  7 goblins
  6 hobgoblins
  4 jackals (D:4)
  8 quokkas
  9 ball pythons
  3 frilled lizards
  5 kobolds
  2 rats (D:1)
113 creatures vanquished.

Notes
Turn   | Place    | Note
-------+----------+-------------------------------------------
     0 | D:1      | qw the Deep Elf Hunter began the quest for the Orb.
     0 | D:1      | Reached XP level 1. HP: 12/12 MP: 3/3
     0 | D:1      | 0 ||| qw: Version: 0.3-a-155-g5e7d8dd
     0 | D:1      | 0 ||| qw: Game counter: 2031
     0 | D:1      | 0 ||| qw: Melee chars always use a shield: true
     0 | D:1      | 0 ||| qw: God list: Okawaru
     0 | D:1      | 0 ||| qw: Allow faded altars: false
     0 | D:1      | 0 ||| qw: Do Orc after clearing Dungeon:15 true
     0 | D:1      | 0 ||| qw: Do second Lair branch before Depths: true
     0 | D:1      | 0 ||| qw: Lair rune preference: random
     0 | D:1      | 0 ||| qw: Goals: Normal
     0 | D:1      | 0 ||| PLANNING D:1-11
    33 | D:1      | 33 ||| DROPPING scroll of butterflies.
    71 | D:1      | 71 ||| UPGRADING to +0 scale mail.
    81 | D:1      | 81 ||| DROPPING +0 leather armour.
   176 | D:2      | Found a broken altar of Ashenzari.
   187 | D:2      | Reached skill level 6 in Ranged Weapons
   187 | D:2      | Reached XP level 2. HP: 16/16 MP: 4/4
   311 | D:2      | Reached XP level 3. HP: 20/20 MP: 5/5
   358 | D:2      | 358 ||| UPGRADING to +0 pair of boots.
   363 | D:2      | 363 ||| DROPPING ring of flight.
   364 | D:2      | 364 ||| READING scroll labelled VORHEPT CUNA.
   607 | D:1      | Reached skill level 7 in Ranged Weapons
   797 | D:1      | 797 ||| UPGRADING to scarf of resistance.
   802 | D:1      | 802 ||| UPGRADING to +0 pair of gloves.
   807 | D:1      | 807 ||| UPGRADING to +6 ring of dexterity.
   808 | D:1      | 808 ||| READING scroll labelled CASAWOUPTU.
   813 | D:1      | 813 ||| READING scroll labelled CONKEAM GUPO.
  1188 | D:2      | 1188 ||| UPGRADING to amulet of reflection.
  1193 | D:2      | 1193 ||| UPGRADING to +4 ring of protection.
  1194 | D:2      | 1194 ||| READING scroll labelled ORHUALL CUIVOA.
  1194 | D:2      | 1194 ||| ENCHANTING +0 pair of gloves.
  1195 | D:2      | 1195 ||| READING scroll labelled WUSCHAH PAE.
  1195 | D:2      | 1195 ||| IDENTIFYING fuming purple potion
  1196 | D:2      | 1196 ||| READING scroll labelled HEUKKO CODGHYMNANE.
  1196 | D:2      | 1196 ||| BRANDING +0 shortbow.
  1197 | D:2      | 1197 ||| DROPPING potion of invisibility.
  1244 | D:3      | Reached XP level 4. HP: 25/25 MP: 6/6
  1503 | D:3      | Noticed Grinder
  1511 | D:3      | Killed Grinder
  1512 | D:3      | Reached skill level 9 in Ranged Weapons
  1512 | D:3      | Reached XP level 5. HP: 29/29 MP: 7/7
  1512 | D:3      | Reached XP level 6. HP: 34/34 MP: 8/8
  1597 | D:3      | Identified the +4 spear of Giose Gesch {protect, Dex+3
                  | Stlth+}
  1767 | D:3      | 1767 ||| DROPPING amulet of guardian spirit.
  1768 | D:3      | 1768 ||| DROPPING +4 ring of slaying {mikee}.
  1769 | D:3      | 1769 ||| READING scroll of identify.
  1769 | D:3      | 1769 ||| IDENTIFYING sedimented coppery potion
  1770 | D:3      | 1770 ||| READING scroll labelled XIRE UTZIBO.
  1793 | D:4      | 1793 ||| PLANNING SEWER
  1921 | D:4      | 1921 ||| DRINKING potion of curing.
  1921 | D:4      | 1921 ||| (to cure confusion)
  1923 | D:4      | Reached skill level 1 in Armour
  2155 | D:4      | Found a snail-covered altar of Cheibriados.
  2284 | D:4      | Reached skill level 10 in Ranged Weapons
  2291 | D:4      | Reached skill level 3 in Dodging
  2451 | D:4      | Reached XP level 7. HP: 40/40 MP: 9/9
  2456 | D:4      | 2456 ||| RIP SEWER
  2457 | D:4      | 2457 ||| PLANNING D:1-11
  2460 | D:4      | HP: 9/40 [orc priest/nerve-wracking pain (13)]
  2461 | D:4      | 2461 ||| READING 3 scrolls of teleportation.
  2762 | D:4      | 2762 ||| UPGRADING to +2 ring mail of cold resistance.
  2772 | D:4      | 2772 ||| DROPPING +0 scale mail.
  2773 | D:4      | 2773 ||| UPGRADING to ring of poison resistance.
  2775 | D:4      | 2775 ||| READING 2 scrolls of identify.
  2775 | D:4      | 2775 ||| IDENTIFYING red potion
  2776 | D:4      | 2776 ||| READING scroll of identify.
  2776 | D:4      | 2776 ||| IDENTIFYING fizzy blue potion
  2777 | D:4      | 2777 ||| READING 3 scrolls labelled QUFIED KONKIERON.
  2778 | D:4      | 2778 ||| DROPPING 2 scrolls of fear.
  2789 | D:5      | Entered Level 5 of the Dungeon
  2945 | D:5      | Reached skill level 11 in Ranged Weapons
  3394 | D:5      | Found a glowing golden altar of the Shining One.
  3523 | D:5      | Reached skill level 12 in Ranged Weapons
  3523 | D:5      | Reached XP level 8. HP: 44/44 MP: 10/10
  3549 | D:5      | Found an iron altar of Okawaru.
  3550 | D:5      | 3550 ||| PLANNING OKAWARU WORSHIP
  3558 | D:5      | Became a worshipper of Warmaster Okawaru
  3559 | D:5      | 3559 ||| PLANNING D:1-11
  3563 | D:5      | Found a radiant altar of Vehumet.
  3567 | D:5      | Found a sacrificial altar of Ru.
  3652 | D:5      | Reached skill level 3 in Fighting
  3833 | D:6      | 3833 ||| READING scroll of enchant armour.
  3833 | D:6      | 3833 ||| ENCHANTING +1 pair of gloves.
  3857 | D:6      | Found a burning altar of Makhleb.
  3887 | D:6      | 3887 ||| FLEEEEING.
  3899 | D:6      | HP: 6/46 [electric eel/bolt of electricity (10)]
  3899 | D:6      | Killed from afar by an electric eel

Levels and vault maps discovered:
D:1:      evilmike_arrival_rings, layout_rooms
D:2:      layout_loops_cross, basic_altar
D:3:      layout_basic, uniq_grinder
D:4:      layout_loops_cross, mainiacjoe_overflow_chevrons,
          gup_sewer_entry_pipe, chequers_serial_rivers_micro_e
D:5:      layout_basic, kennysheep_mini_moat, minmay_overflow_temple_star_quad
D:6:      layout_loops_cross, mainiacjoe_overflow_catwalk, fedhas_altar_2,
          bloody_makhleb, grunt_decor_mini_mirrors, minivault_4

Skill      XL: |  1  2  3  4  5  6  7  8 |
---------------+-------------------------+-----
Ranged Weapons | 6 7 9 10 12 | 12.0
Armour         | 1 |  1.3
Fighting       | 2 3 |  3.5
Dodging        | 3 4 5 |  5.4
Stealth        | |  1.2

Action                     |  1- 3 |  4- 6 |  7- 9 || total
---------------------------+-------+-------+-------++-------
   Fire: Shortbow          |   100 |   123 |   138 ||   361
    Use: Scroll            |     6 |     2 |     5 ||    13
         Potion            |       |     1 |       ||     1
 Armour: Scale mail        |    34 |    34 |     9 ||    77
         Ring mail         |       |       |    18 ||    18
  Dodge: Dodged            |    15 |    23 |    15 ||    53
  Block: Other             |       |    10 |    11 ||    21

Table legend:
 A = Non-vault XP
 B = Vault XP
 C = Vault XP percentage of total XP
 D = Non-vault monster count
 E = Vault monster count
 F = Vault count percentage of total count
                 A         B        C        D         E       F
            +---------+---------+-------+---------+---------+-------
      Total |    1678 |     288 |  14.6 |     104 |       9 |   8.0
            +---------+---------+-------+---------+---------+-------
        D:1 |      22 |       0 |   0.0 |      13 |       0 |   0.0
        D:2 |      70 |       0 |   0.0 |      19 |       0 |   0.0
        D:3 |      33 |     272 |  89.2 |      12 |       1 |   7.7
        D:4 |     397 |      16 |   3.9 |      37 |       8 |  17.8
        D:5 |     953 |       0 |   0.0 |      20 |       0 |   0.0
        D:6 |     203 |       0 |   0.0 |       3 |       0 |   0.0
            +---------+---------+-------+---------+---------+-------
